 Dungeon Crawl Stone Soup version 0.28.0 (webtiles) character file.

Game seed: 12654638640074710950

6551 SnakkuSnakku7 the Slinger (level 11, -2/91 HPs)
             Began as a Hill Orc Fighter on Feb 16, 2022.
             Was a Follower of the Shining One.
             Succumbed to a guardian serpent's bolt of poison
             ... on level 2 of the Abyss.
             The game lasted 00:11:26 (7940 turns).

SnakkuSnakku7 the Slinger (Hill Orc Fighter)        Turns: 7940, Time: 00:11:27

Health: -2/91      AC: 15    Str: 24    XL:     11   Next: 1%
Magic:  11/11      EV: 14    Int:  8    God:    the Shining One [*.....]
Gold:   528        SH:  4    Dex: 10    Spells: 10/10 levels left

rFire   . . .      SeeInvis .   b - +3 sling "Punk" {acid, rCorr}
rCold   . . .      Faith    .   c - +0 buckler
rNeg    . . .      Spirit   .   u - +2 ring mail {Will+}
rPois   .          Reflect  .   r - +0 helmet
rElec   .          Harm     .   G - +0 cloak
rCorr   +          Rampage  .   x - +0 pair of gloves
Will    +....                   (no boots)
Stlth   ..........              B - amulet of the acrobat
HPRegen 0.00/turn               z - +4 ring of evasion
MPRegen 0.12/turn               C - +4 ring of protection

@: lethally poisoned (-2 -> -24), sick, glowing
A: no striking features
a: Renounce Religion, Divine Shield


You were on level 2 of the Abyss.
You worshipped the Shining One.
The Shining One was aware of your devotion.
You visited 2 branches of the dungeon, and saw 10 of its levels.
You visited the Abyss 1 time.

You collected 528 gold pieces.

Inventory:

Hand Weapons
 a - a +0 war axe
 b - the +3 sling "Punk" (weapon) {acid, rCorr}
   (You found it on level 2 of the Dungeon)

   Any ammunition fired from it is coated in acid, damaging and corroding those
   it strikes.
   rCorr:     It protects you from acid and corrosion.
Missiles
 n - 146 stones (quivered ammo)
 v - 60 sling bullets
 y - a throwing net
Armour
 c - a +0 buckler (worn)
 m - a +0 scale mail
 r - a +0 helmet (worn)
 u - a +2 ring mail of willpower (worn)
 x - a +0 pair of gloves (worn)
 G - a +0 cloak (worn)
Jewellery
 z - a +4 ring of evasion (left hand)
 B - an amulet of the acrobat (around neck)
 C - a +4 ring of protection (right hand)
Wands
 o - a wand of polymorph (4)
 p - a wand of paralysis (9)
 F - a wand of charming (11)
Scrolls
 e - a scroll of torment {unknown}
 h - 8 scrolls of identify {unknown}
 i - 2 scrolls of holy word {unknown}
 j - a scroll of fear {unknown}
 k - a scroll of summoning {unknown}
 q - a scroll of enchant armour {unknown}
 s - 2 scrolls of teleportation {unknown}
 t - 3 scrolls of fog {unknown}
 A - a scroll of noise {unknown}
 D - a scroll of magic mapping {unknown}
 E - a scroll of vulnerability {unknown}
Potions
 d - 4 potions of might
 f - 5 potions of flight {unknown}
 g - 2 potions of heal wounds {unknown}
 l - 2 potions of curing
 w - a potion of brilliance {unknown}


   Skills:
 + Level 6.7 Fighting
 - Level 4.4 Axes
 - Level 14.0 Slings
 - Level 3.2 Armour
 - Level 3.2 Shields


You had 10 spell levels left.
You didn't know any spells.
Your spell library contained the following spells:

 Spells                   Type           Power      Damage    Failure   Level
 Beastly Appendage        Tmut           0%         N/A       65%         1


Dungeon Overview and Level Annotations

Branches:
Dungeon (9/15)             Temple (1/1) D:6            Lair (0/6) D:9
    Orc: D:9-12

Altars:
Ashenzari
Cheibriados
Dithmenos
Elyvilon
Fedhas
Gozag
Hepliaklqana
Kikubaaqudgha
Makhleb
Nemelex Xobeh
Qazlal
Ru
Trog
Uskayaw
Vehumet
Wu Jian
Xom
Yredelemnul
Zin
The Shining One

Annotations:
D:9 Erolcha


Message History

You resist with almost no effort.
You feel yourself growing ill in the presence of the ancient zyme.
Fire: 150 stones
Press: ? - help, Q - select action, (/) - cycle Shift-Dir - straight line, f/p - guardian serpent
Aim: a guardian serpent (almost dead, covered in acid, haloed, 70% to hit)
You shoot a stone.
The stone closely misses the guardian serpent.
The guardian serpent casts a spell at you.
The bolt of poison hits you!
You are poisoned.
Fire: 149 stones
Press: ? - help, Q - select action, (/) - cycle Shift-Dir - straight line, f/p - guardian serpent
Aim: a guardian serpent (almost dead, covered in acid, haloed, 70% to hit)
You shoot a stone.
The stone closely misses the guardian serpent.
You feel sick.
The guardian serpent casts a spell at you.
The bolt of poison hits you!
You are more poisoned.
* * * LOW HITPOINT WARNING * * *
The guardian serpent casts a spell at you.
The ancient zyme blinks!
Unknown command.
Fire: 148 stones
Press: ? - help, Q - select action, (/) - cycle Shift-Dir - straight line, f/p - guardian serpent
Aim: a guardian serpent (almost dead, covered in acid, haloed, 70% to hit)
You shoot a stone.
The stone closely misses the guardian serpent.
* * * LOW HITPOINT WARNING * * *
You feel very sick. The ancient zyme misses you.
The ancient zyme hits you but does no damage.
You feel ill. The guardian serpent hits you.
* * * LOW HITPOINT WARNING * * *
Fire: 147 stones
Press: ? - help, Q - select action, (/) - cycle Shift-Dir - straight line, f/p - guardian serpent
Aim: a guardian serpent (almost dead, covered in acid, haloed, 70% to hit)
You shoot a stone.
The stone barely misses the guardian serpent.
You die...

#. . .# #.. .#.
... .#. ##. ..
#.(####.#
##...#..#
#.#.S#.# #....@#
# ## ##.ยง.#.x#
.# #...# #.##
..##.#..#.. . .
#...#..##.#
#...##.. ..# #.
....##....#..#..
.. #...##
..#..#..# .
#.#..#..#.#. .


You could see an ancient zyme and a guardian serpent (corroded).

Vanquished Creatures
  Erica (D:8)
  2 two-headed ogres
  A wretched star (Abyss:2)
  Pikel (D:8)
  Maggie (D:6)
  A kobold demonologist (Abyss:1)
  A hellwing (Abyss:1)
  A large abomination (Abyss:1)
  Prince Ribbit (D:9)
  Sigmund (D:6)
  A wyvern (D:7)
  2 steam dragons
  Grum (D:8)
  A water moccasin (D:7)
  An orc warrior (D:7)
  A sky beast (D:5)
  An ice beast (D:5)
  3 ogres
  2 centaurs (D:5)
  4 wolves (D:8)
  A lemure (D:8)
  4 phantoms
  A kobold brigand (D:8)
  3 bullfrogs
  A small abomination (Abyss:2)
  2 scorpions
  2 water moccasin skeletons
  4 wights (D:9)
  2 centaur zombies
  A bullfrog zombie (D:5)
  A jelly (D:7)
  6 hounds
  5 starcursed masses (Abyss:1)
  An orc priest (D:9)
  A bullfrog skeleton (D:7)
  3 centaur skeletons (D:7)
  3 gnoll shamans
  2 iron imps
  Natasha (thrice) (D:4)
  3 iguanas
  5 orc wizards
  Ijyb (D:4)
  A hound zombie (D:5)
  A howler monkey zombie (D:6)
  Robin (D:4)
  7 gnolls
  A howler monkey skeleton (D:7)
  8 adders
  2 shadow imps
  3 white imps
  An ufetubus (D:3)
  A dart slug (D:1)
  5 orcs
  4 endoplasms
  3 giant cockroaches
  15 goblins
  7 hobgoblins
  2 jackals (D:2)
  9 kobolds
  2 quokkas
  7 ball pythons
  3 bats
  5 frilled lizards
  A goblin skeleton (D:7)
  3 hobgoblin zombies (D:7)
  A kobold skeleton (D:7)
  3 kobold zombies (D:7)
  8 rats
187 creatures vanquished.

Vanquished Creatures (others)
  An orc warrior (D:7)
  A centaur (D:7)
  An iron imp (Abyss:2)
  An iguana (D:7)
  An orc (D:7)
  9 plants (D:5)
14 creatures vanquished.

Grand Total: 201 creatures vanquished

Notes
Turn   | Place    | Note
-------+----------+-------------------------------------------
     0 | D:1      | SnakkuSnakku7 the Hill Orc Fighter began the quest for the
                  | Orb.
     0 | D:1      | Reached XP level 1. HP: 19/19 MP: 1/1
    99 | D:1      | Found a faded altar of an unknown god.
   107 | D:1      | Got Plato's Compendium of Changing
   121 | D:1      | Reached XP level 2. HP: 24/27 MP: 2/2
   675 | D:1      | Reached XP level 3. HP: 9/34 MP: 3/3
  1425 | D:2      | Reached XP level 4. HP: 31/41 MP: 4/4
  1459 | D:2      | Found the +3 sling "Punk" {acid, rCorr}
  2347 | D:3      | Reached skill level 1 in Slings
  2406 | D:3      | Found a sparkling altar of Nemelex Xobeh.
  2817 | D:4      | Noticed Ijyb
  2817 | D:4      | Noticed Natasha
  2827 | D:4      | Noticed an ogre
  2828 | D:4      | Killed Ijyb
  2829 | D:4      | Reached skill level 2 in Slings
  2829 | D:4      | Reached XP level 5. HP: 47/47 MP: 5/5
  2829 | D:4      | Killed Natasha
  2833 | D:4      | Killed an ogre
  2834 | D:4      | Reached skill level 3 in Slings
  2834 | D:4      | Reached XP level 6. HP: 25/55 MP: 6/6
  2963 | D:4      | Noticed Robin
  2966 | D:4      | Killed Robin
  2968 | D:4      | Noticed Natasha
  2983 | D:4      | Killed Natasha
  2984 | D:4      | Reached skill level 4 in Slings
  3115 | D:4      | Noticed Natasha
  3118 | D:4      | Killed Natasha
  3342 | D:4      | Reached skill level 5 in Slings
  3533 | D:5      | Entered Level 5 of the Dungeon
  3565 | D:5      | Noticed an ice beast
  3581 | D:5      | Killed an ice beast
  3582 | D:5      | Reached XP level 7. HP: 16/60 MP: 7/7
  3937 | D:5      | Reached skill level 6 in Slings
  3961 | D:5      | Reached skill level 7 in Slings
  3961 | D:5      | Reached XP level 8. HP: 36/67 MP: 8/8
  4100 | D:5      | Reached skill level 8 in Slings
  4467 | D:6      | Found an opulent altar of Gozag.
  4530 | D:6      | Noticed Maggie
  4537 | D:6      | Killed Maggie
  4538 | D:6      | Reached skill level 9 in Slings
  4575 | D:6      | Found a white marble altar of Elyvilon.
  4658 | D:6      | Reached XP level 9. HP: 66/73 MP: 9/9
  4807 | D:6      | Noticed Sigmund
  4814 | D:6      | Killed Sigmund
  4815 | D:6      | Reached skill level 10 in Slings
  4863 | D:6      | Found a staircase to the Ecumenical Temple.
  4875 | Temple   | Entered the Ecumenical Temple
  5247 | D:6      | Found a glowing silver altar of Zin.
  5452 | D:7      | Reached skill level 11 in Slings
  5476 | D:7      | Found a hazy altar of Hepliaklqana.
  5815 | D:7      | Found a shimmering altar of Xom.
  5958 | D:7      | Found a glowing golden altar of the Shining One.
  5967 | D:7      | Became a worshipper of the Shining One
  6279 | D:8      | Noticed a two-headed ogre
  6515 | D:8      | Noticed Pikel
  6522 | D:8      | Killed Pikel
  6523 | D:8      | Reached skill level 12 in Slings
  6523 | D:8      | Reached XP level 10. HP: 80/80 MP: 10/10
  6580 | D:8      | Noticed Grum
  6596 | D:8      | Killed Grum
  6619 | D:8      | Found a snail-covered altar of Cheibriados.
  6676 | D:8      | Noticed Erica
  6831 | D:8      | Killed Erica
  6832 | D:8      | Reached skill level 13 in Slings
  7056 | D:8      | Found a hide-covered altar of Uskayaw.
  7272 | D:8      | Killed a two-headed ogre
  7409 | D:9      | Reached * piety under the Shining One
  7480 | D:9      | Found a staircase to the Lair.
  7496 | D:9      | Noticed Prince Ribbit
  7501 | D:9      | Killed Prince Ribbit
  7502 | D:9      | Reached skill level 14 in Slings
  7502 | D:9      | Reached skill level 5 in Fighting
  7552 | D:9      | Noticed a two-headed ogre
  7559 | D:9      | Killed a two-headed ogre
  7560 | D:9      | Reached XP level 11. HP: 52/91 MP: 11/11
  7590 | D:9      | Noticed Erolcha
  7590 | D:9      | Cast into level 1 of the Abyss (Erolcha)
  7590 | Abyss:1  | Found a corrupted altar of Lugonu.
  7613 | Abyss:1  | Noticed a starcursed mass
  7621 | Abyss:1  | Noticed a starcursed mass
  7663 | Abyss:1  | Killed a starcursed mass
  7746 | Abyss:1  | Noticed a starcursed mass
  7759 | Abyss:1  | Killed a starcursed mass
  7797 | Abyss:1  | Noticed a bone dragon
  7831 | Abyss:2  | Noticed a wretched star
  7840 | Abyss:2  | Killed a wretched star
  7912 | Abyss:2  | Noticed a rakshasa
  7939 | Abyss:2  | HP: 1/91 [guardian serpent (4)]
  7940 | Abyss:2  | Succumbed to a guardian serpent's bolt of poison

Illustrated notes

Levels and vault maps discovered:
D:1:      dpeg_arrival_radiant, layout_basic,
          shapermc_ecumenical_altar_rom_forum, serial_forest,
          infiniplex_forest_clump_cross, infiniplex_forest_zigzag_1,
          infiniplex_forest_3_way, infiniplex_forest_end_3,
          infiniplex_forest_straight_2, infiniplex_forest_corner_1
D:2:      layout_basic
D:3:      layout_loops_ring, nemelex_spade_bored_becter, minmay_misc_feat_doors
D:4:      layout_basic, uniq_natasha, uniq_ijyb, uniq_robin
D:5:      layout_cave_pools, serial_bayou, serial_bayou_ford_a,
          serial_bayou_lagoon_b, serial_bayou_pond_b, serial_bayou_shore_a
D:6:      layout_basic, mainiacjoe_overflow_surrounded_room,
          lemuel_doored_altar, lemuel_crystal_altar, minmay_temple_entry_hall,
          uniq_maggie, uniq_sigmund
D:7:      layout_basic, lemuel_round_altar, xom_confusion_cloud,
          nicolae_tso_besieged_by_evil
D:8:      layout_rooms, nicolae_uskayaw_dance_studio, cheibriados_altar_1,
          uniq_grum, uniq_pikel, uniq_erica
D:9:      nicolae_BIG_FREAKIN_CUBE, layout_basic, uniq_prince_ribbit1,
          uniq_maurice, uniq_erolcha
Temple:   minmay_temple_curvy_loop
Abyss:2:  base: D:3, base:
D:1

Skill      XL: |  1  2  3  4  5  6  7  8  9 10 |
---------------+-------------------------------+-----
Axes           | 3 4 |  4.4
Fighting       | 4 6 |  6.7
Slings         | 2 3 5 7 9 12 14 | 14.0
Armour         | |  3.2
Shields        | |  3.2

Action                   |  1- 3 |  4- 6 |  7- 9 | 10-12 || total
-------------------------+-------+-------+-------+-------++-------
Melee: War axe           |    96 |    13 |       |       ||   109
 Fire: Fustibalus        |       |   108 |   210 |   155 ||   473
Evoke: Wand              |       |       |       |     2 ||     2
Armor: Scale mail        |    49 |    21 |       |       ||    70
       Ring mail         |       |     4 |     7 |     8 ||    19
Dodge: Dodged            |    44 |    23 |    51 |     7 ||   125
Block: Buckler           |    23 |     8 |    15 |     1 ||    47
